[ AOE2 MATCH · #478746860 ]
UnrankedMalians vs None
Rival team · WIN
[ REPLAY ANALYSIS · EXTRACTED FROM THE RECORDED GAME ]
Feudal
10:14
Castle
15:03
Imperial
—
| APM avg | 58.4 |
| APM peak | 95 |
| eAPM avg | 20.6 |
| Villagers / military | 66 / 45 |
Focus
⚔️ 30.9% · 🌾 69.1%
Knight ×15 · Camel Scout ×11 · Monk ×6 · Scorpion ×5 · Battering Ram ×3 · Scout Cavalry ×3
Feudal
8:56
Castle
22:49
Imperial
—
| APM avg | 45.3 |
| APM peak | 75 |
| eAPM avg | 24.7 |
| Villagers / military | 78 / 56 |
Focus
⚔️ 40.6% · 🌾 59.4%
Spearman ×32 · Knight ×8 · Monk ×7 · Mangonel ×5 · Militia ×2 · Battering Ram ×1
Match map
Initial resources + every placement click. Lines = walls · curves = elevation contours. ◆ gold · ⬟ stone · ● berries · ✦ relic · ◌ wall gap
Your base· ✓ Closed at 15:03 · 6t walls · 8 gate(s)
Happytheandy's base· ✓ Closed at 22:49 · 4t walls · 6 gate(s)
Smoothed initial terrain · ◌ = detected wall gap · hover for details
Inputs per minute
— Javisty - - Happytheandy
Build order — Javisty
First 150 of 185 actions detected
| 0:00 | Create | Villager (Male) |
| 0:00 | Create | Villager (Male) |
| 0:02 | Build | House |
| 0:03 | Build | House |
| 0:16 | Create | Villager (Male) |
| 0:35 | Create | Villager (Male) |
| 1:32 | Create | Villager (Male) |
| 1:59 | Create | Villager (Male) |
| 2:01 | Create | Villager (Male) |
| 2:46 | Create | Villager (Male) |
| 2:47 | Create | Villager (Male) |
| 3:06 | Build | House |
| 3:15 | Create | Villager (Male) |
| 3:56 | Create | Villager (Male) |
| 4:00 | Create | Villager (Male) |
| 4:26 | Build | Lumber Camp |
| 4:29 | Create | Villager (Male) |
| 5:17 | Build | Mill |
| 5:21 | Create | Villager (Male) |
| 5:52 | Create | Villager (Male) |
| 5:52 | Create | Villager (Male) |
| 5:53 | Create | Villager (Male) |
| 6:28 | Build | House |
| 6:52 | Create | Villager (Male) |
| 6:56 | Research | Loom |
| 7:42 | Research | Feudal Age |
| 8:20 | Build | House |
| 9:31 | Create | Villager (Male) |
| 9:31 | Create | Villager (Male) |
| 9:40 | Build | Palisade Wall |
| 9:43 | Build | Palisade Wall |
| 9:45 | Build | Palisade Wall |
| 9:48 | Build | Barracks |
| 10:14 | Age | Feudal Age |
| 10:21 | Build | Market |
| 10:34 | Build | Watch Tower |
| 10:59 | Create | Villager (Male) |
| 11:44 | Build | Stable |
| 11:48 | Create | Villager (Male) |
| 12:23 | Research | Castle Age |
| 12:36 | Build | Lumber Camp |
| 12:40 | Research | Double-Bit Axe |
| 13:06 | Build | House |
| 13:11 | Build | House |
| 13:13 | Build | House |
| 13:15 | Create | Scout Cavalry |
| 13:39 | Build | Stone Wall |
| 14:01 | Build | Stone Wall |
| 14:07 | Create | Scout Cavalry |
| 14:16 | Build | Mill |
| 14:24 | Build | Farm |
| 14:24 | Build | Farm |
| 14:24 | Build | Farm |
| 14:24 | Build | Farm |
| 14:25 | Build | Farm |
| 14:25 | Build | Farm |
| 14:50 | Build | Farm |
| 15:00 | Build | Mining Camp |
| 15:03 | Age | Castle Age |
| 15:07 | Create | Villager (Male) |
| 15:13 | Create | Villager (Male) |
| 15:46 | Build | Monastery |
| 16:02 | Create | Villager (Male) |
| 16:04 | Create | Scout Cavalry |
| 16:21 | Create | Villager (Male) |
| 16:27 | Build | House |
| 16:42 | Create | Villager (Male) |
| 16:49 | Create | Trade Cart |
| 17:13 | Create | Knight |
| 17:24 | Create | Monk |
| 17:25 | Create | Villager (Male) |
| 17:25 | Create | Villager (Male) |
| 17:58 | Create | Knight |
| 18:37 | Create | Villager (Male) |
| 18:47 | Build | Blacksmith |
| 18:53 | Create | Monk |
| 19:26 | Create | Villager (Male) |
| 19:27 | Create | Villager (Male) |
| 19:31 | Build | House |
| 19:38 | Build | Farm |
| 19:39 | Build | Farm |
| 19:43 | Build | Farm |
| 19:43 | Create | Villager (Male) |
| 19:56 | Create | Knight |
| 20:25 | Build | House |
| 20:28 | Research | Horse Collar |
| 20:37 | Create | Knight |
| 20:39 | Build | House |
| 20:44 | Research | Town Watch |
| 21:11 | Create | Knight |
| 21:32 | Create | Villager (Male) |
| 21:33 | Create | Villager (Male) |
| 21:34 | Create | Knight |
| 21:34 | Create | Knight |
| 21:36 | Build | Mill |
| 21:58 | Create | Villager (Male) |
| 22:01 | Build | Farm |
| 22:17 | Create | Villager (Male) |
| 22:34 | Build | Siege Workshop |
| 23:08 | Create | Knight |
| 23:09 | Create | Villager (Male) |
| 23:15 | Build | Outpost |
| 23:16 | Build | Outpost |
| 23:28 | Create | Battering Ram |
| 23:28 | Create | Battering Ram |
| 23:29 | Create | Villager (Male) |
| 23:29 | Create | Villager (Male) |
| 23:49 | Create | Scorpion |
| 23:50 | Create | Scorpion |
| 24:01 | Create | Villager (Male) |
| 24:01 | Create | Villager (Male) |
| 24:09 | Create | Monk |
| 24:15 | Build | Farm |
| 24:17 | Build | Farm |
| 24:18 | Build | House |
| 24:45 | Create | Villager (Male) |
| 25:02 | Build | House |
| 25:20 | Create | Villager (Male) |
| 25:25 | Create | Villager (Male) |
| 25:43 | Create | Villager (Male) |
| 25:43 | Create | Villager (Male) |
| 25:54 | Create | Monk |
| 25:55 | Create | Scorpion |
| 25:56 | Create | Villager (Male) |
| 26:03 | Create | Villager (Male) |
| 26:11 | Research | Forging |
| 26:20 | Build | Stable |
| 26:21 | Build | Farm |
| 26:23 | Create | Villager (Male) |
| 26:23 | Create | Villager (Male) |
| 26:29 | Research | Bloodlines |
| 26:32 | Create | Villager (Male) |
| 26:56 | Create | Knight |
| 27:00 | Build | Mining Camp |
| 27:38 | Create | Villager (Male) |
| 27:47 | Create | Mangonel |
| 27:47 | Create | Mangonel |
| 27:54 | Create | Knight |
| 27:55 | Create | Knight |
| 28:01 | Build | House |
| 28:02 | Build | House |
| 28:03 | Build | House |
| 28:09 | Build | Watch Tower |
| 28:17 | Create | Villager (Male) |
| 28:19 | Build | House |
| 29:24 | Research | Devotion |
| 29:26 | Create | Monk |
| 29:39 | Build | Watch Tower |
| 29:52 | Create | Scorpion |
| 29:57 | Create | Villager (Male) |
Build order — Happytheandy
First 150 of 232 actions detected
| 0:00 | Create | Villager (Male) |
| 0:00 | Create | Villager (Male) |
| 0:01 | Build | House |
| 0:03 | Build | House |
| 0:17 | Create | Villager (Male) |
| 0:25 | Create | Villager (Male) |
| 0:25 | Create | Villager (Male) |
| 1:27 | Create | Villager (Male) |
| 1:28 | Create | Villager (Male) |
| 1:58 | Create | Villager (Male) |
| 2:20 | Create | Villager (Male) |
| 2:27 | Create | Villager (Male) |
| 3:11 | Build | Lumber Camp |
| 3:17 | Create | Villager (Male) |
| 3:39 | Create | Villager (Male) |
| 3:40 | Create | Villager (Male) |
| 3:45 | Build | House |
| 4:25 | Create | Villager (Male) |
| 4:25 | Create | Villager (Male) |
| 4:50 | Create | Villager (Male) |
| 5:19 | Create | Villager (Male) |
| 5:22 | Research | Loom |
| 6:05 | Build | Barracks |
| 6:47 | Research | Feudal Age |
| 6:58 | Create | Militia |
| 7:02 | Build | House |
| 7:21 | Create | Militia |
| 7:52 | Build | Mining Camp |
| 8:07 | Create | Villager (Male) |
| 8:56 | Age | Feudal Age |
| 8:57 | Build | Watch Tower |
| 9:04 | Create | Villager (Male) |
| 9:27 | Create | Villager (Male) |
| 9:51 | Build | House |
| 10:06 | Create | Villager (Male) |
| 10:38 | Create | Villager (Male) |
| 10:43 | Build | Watch Tower |
| 10:59 | Create | Villager (Male) |
| 11:19 | Build | House |
| 11:47 | Create | Villager (Male) |
| 11:49 | Create | Villager (Male) |
| 11:50 | Build | House |
| 12:24 | Build | Mill |
| 12:32 | Build | Watch Tower |
| 12:45 | Create | Villager (Male) |
| 13:00 | Research | Double-Bit Axe |
| 13:16 | Build | Palisade Gate |
| 13:23 | Create | Villager (Male) |
| 13:33 | Build | Farm |
| 13:34 | Build | Farm |
| 13:35 | Build | Farm |
| 13:39 | Create | Villager (Male) |
| 14:06 | Build | Mining Camp |
| 14:08 | Build | Stone Wall |
| 14:13 | Create | Villager (Male) |
| 14:17 | Build | Lumber Camp |
| 14:26 | Build | Stone Wall |
| 14:27 | Build | Stone Wall |
| 14:28 | Build | Stone Wall |
| 14:28 | Create | Villager (Male) |
| 14:30 | Build | Farm |
| 14:31 | Build | Farm |
| 14:33 | Build | Farm |
| 14:46 | Create | Villager (Male) |
| 15:10 | Build | Outpost |
| 15:22 | Create | Villager (Male) |
| 15:29 | Create | Villager (Male) |
| 15:32 | Build | Farm |
| 15:44 | Create | Villager (Male) |
| 15:52 | Create | Villager (Male) |
| 15:55 | Build | Farm |
| 16:15 | Create | Spearman |
| 16:33 | Build | Market |
| 16:35 | Build | Farm |
| 16:38 | Create | Villager (Male) |
| 16:39 | Build | Mining Camp |
| 16:42 | Build | House |
| 16:53 | Create | Spearman |
| 17:03 | Build | Lumber Camp |
| 17:40 | Build | Watch Tower |
| 17:42 | Create | Spearman |
| 17:43 | Create | Spearman |
| 17:43 | Create | Villager (Male) |
| 17:52 | Create | Villager (Male) |
| 18:15 | Create | Villager (Male) |
| 18:18 | Build | House |
| 18:20 | Build | Farm |
| 18:33 | Create | Spearman |
| 18:33 | Create | Spearman |
| 18:42 | Build | House |
| 18:42 | Build | House |
| 18:45 | Build | Farm |
| 19:16 | Create | Villager (Male) |
| 19:42 | Create | Villager (Male) |
| 19:44 | Build | Blacksmith |
| 20:09 | Research | Castle Age |
| 20:21 | Create | Spearman |
| 20:21 | Create | Spearman |
| 20:25 | Build | Farm |
| 20:35 | Research | Stone Mining |
| 20:48 | Build | Outpost |
| 21:16 | Build | Watch Tower |
| 21:17 | Research | Fletching |
| 21:19 | Create | Spearman |
| 21:23 | Build | Farm |
| 21:26 | Create | Villager (Male) |
| 21:35 | Build | House |
| 21:41 | Create | Spearman |
| 21:56 | Build | Stable |
| 22:18 | Create | Villager (Male) |
| 22:22 | Create | Spearman |
| 22:22 | Create | Spearman |
| 22:25 | Research | Horse Collar |
| 22:27 | Build | Farm |
| 22:49 | Age | Castle Age |
| 22:51 | Build | Monastery |
| 22:51 | Create | Villager (Male) |
| 22:58 | Research | Pikeman (upgrade) |
| 23:01 | Create | Villager (Male) |
| 23:04 | Create | Knight |
| 23:43 | Create | Spearman |
| 23:48 | Create | Villager (Male) |
| 23:48 | Create | Monk |
| 24:01 | Create | Spearman |
| 24:02 | Create | Villager (Male) |
| 24:14 | Build | Watch Tower |
| 24:18 | Build | Farm |
| 24:19 | Build | Farm |
| 24:28 | Create | Monk |
| 24:34 | Research | Scale Mail Armor |
| 24:35 | Create | Villager (Male) |
| 24:49 | Create | Villager (Male) |
| 24:51 | Build | Siege Workshop |
| 25:01 | Create | Villager (Male) |
| 25:10 | Build | Watch Tower |
| 25:12 | Create | Villager (Male) |
| 25:35 | Build | Palisade Wall |
| 25:38 | Build | Palisade Wall |
| 25:39 | Build | Palisade Wall |
| 25:43 | Create | Villager (Male) |
| 25:49 | Create | Spearman |
| 25:51 | Create | Villager (Male) |
| 26:06 | Create | Villager (Male) |
| 26:09 | Create | Mangonel |
| 26:10 | Create | Villager (Male) |
| 26:12 | Build | Farm |
| 26:14 | Create | Spearman |
| 26:17 | Build | House |
| 26:23 | Create | Monk |
| 26:26 | Create | Spearman |
Match timeline
| 6:05 | Happytheandy · first_building Barracks |
| 8:56 | Happytheandy · age_up feudal |
| 9:40 | Javisty · wall_segment Palisade Wall x1 |
| 9:43 | Javisty · wall_segment Palisade Wall x1 |
| 9:45 | Javisty · wall_segment Palisade Wall x1 |
| 9:48 | Javisty · first_building Barracks |
| 10:14 | Javisty · age_up feudal |
| 11:44 | Javisty · first_building Stable |
| 12:21 | Javisty · first_market_sell 100 food |
| 13:39 | Javisty · wall_segment Stone Wall x1 |
| 14:01 | Javisty · wall_segment Stone Wall x2 |
| 14:08 | Happytheandy · wall_segment Stone Wall x1 |
| 14:26 | Happytheandy · wall_segment Stone Wall x1 |
| 14:27 | Happytheandy · wall_segment Stone Wall x1 |
| 14:28 | Happytheandy · wall_segment Stone Wall x1 |
| 15:03 | Javisty · age_up castle |
| 15:46 | Javisty · first_building Monastery |
| 18:46 | Happytheandy · first_market_sell 100 stone |
| 18:49 | Happytheandy · first_market_buy 100 food |
| 21:56 | Happytheandy · first_building Stable |
| 22:34 | Javisty · first_building Siege Workshop |
| 22:49 | Happytheandy · age_up castle |
| 22:51 | Happytheandy · first_building Monastery |
| 24:51 | Happytheandy · first_building Siege Workshop |
| 25:35 | Happytheandy · wall_segment Palisade Wall x1 |
| 25:38 | Happytheandy · wall_segment Palisade Wall x1 |
| 25:39 | Happytheandy · wall_segment Palisade Wall x1 |
| 26:16 | Javisty · first_market_buy 100 food |
| 28:08 | Happytheandy · first_building Castle |
| 36:07 | Happytheandy · wall_segment Palisade Wall x1 |
| 36:09 | Happytheandy · wall_segment Palisade Wall x1 |
| 37:16 | Javisty · resign |
[ AI ANALYSIS · 1 CREDIT ]
What really happened in this match?
Wolo.gg analyzes every decision: build order, eco, micro, common mistakes by bracket. Personalized analysis on WhatsApp or Discord in 30 seconds.
Civ guide
Malians
Perfil
Jugador #392423